[Event "Titled Tuesday Blitz April 11 Early 2023"]
[White "Mirzoev, Azer"]
[Black "Buscar, Michael"]
[WhiteFideId "13400304"]
[BlackFideId "2603616"]
[WhiteElo "2525"]
[BlackElo "2010"]
[Result "1/2-1/2"]
[Round "07"]
[TimeControl "180+2"]
[Date "2023.04.11"]
[WhiteClock "0:00:19"]
[BlackClock "0:00:24"]

1. c4 Nf6 2. Nc3 e6 3. e4 d6 4. d4 Nbd7 5. f4 e5 6. Nf3 exd4 7. Qxd4 c6 8. Be3 Be7 9. O-O-O O-O 10. h3 Re8 11. g4 Nc5 12. e5 Ne6 13. exf6 Nxd4 14. fxe7 Qxe7 15. Bxd4 f5 16. g5 Be6 17. h4 Qf7 18. b3 a5 19. h5 a4 20. Nxa4 Rxa4 21. bxa4 Bxc4 22. g6 Qd5 23. gxh7+ Kxh7 24. Bg2 Qa5 25. Rd2 Qxa4 26. Re1 Rxe1+ 27. Nxe1 Bxa2 28. Bf1 Bb3 29. Bd3 Be6 30. Nc2 c5 31. Be3 b5 32. Rg2 b4 33. Rg6 c4 34. Be2 Bd5 35. Bd4 Be4 36. Rxg7+ Kh6 37. Rg6+ Kh7 38. Rg7+ Kh6 39. Rg6+ Kh7 40. Rg7+ 1/2-1/2


[Site "https://www.chess.com"]

[Event "Titled Tuesday Blitz April 11 Early 2023"]
[White "Mrudul Dehankar"]
[Black "Zemach, Roee"]
[WhiteFideId "25096990"]
[BlackFideId "2818531"]
[WhiteElo "2139"]
[BlackElo "2217"]
[Result "1-0"]
[Round "07"]
[TimeControl "180+2"]
[Date "2023.04.11"]
[WhiteClock "0:00:05"]
[BlackClock "0:01:26"]

1. e4 c5 2. Nf3 d6 3. d4 cxd4 4. Nxd4 Nf6 5. Nc3 Nc6 6. Bg5 e6 7. Qd2 Bd7 8. O-O-O a6 9. f4 h6 10. Bxf6 Qxf6 11. Nb3 g5 12. g3 gxf4 13. gxf4 h5 14. e5 Qh4 15. Ne4 d5 16. Nf6+ Ke7 17. Bg2 Bh6 18. Rhf1 Nxe5 19. Nxd7 Nxd7 20. Qb4+ Ke8 21. Bxd5 Qe7 22. Qxb7 Rb8 23. Qc7 Kf8 24. Bc6 Qf6 25. Rxd7 Re8 26. Kb1 Rh7 27. Rd6 Qe7 28. Rd7 f6 29. Rxe7 Rhxe7 30. Qd6 Kf7 31. Bxe8+ Kxe8 32. Re1 Kf7 33. Qc6 Bf8 34. Qe4 f5 35. Qf3 Bg7 36. Rg1 1-0


[Site "https://www.chess.com"]

[Event "Titled Tuesday Blitz April 11 Early 2023"]
[White "Hoffmann, Asa"]
[Black "Safin, Robert"]
[WhiteFideId "2001470"]
[BlackFideId "34189120"]
[WhiteElo "2117"]
[BlackElo "2245"]
[Result "0-1"]
[Round "07"]
[TimeControl "180+2"]
[Date "2023.04.11"]
[WhiteClock "0:01:17"]
[BlackClock "0:00:05"]

1. d4 Nf6 2. Bg5 d5 3. Nd2 c5 4. e3 Nc6 5. c3 cxd4 6. exd4 Bf5 7. Qb3 Rb8 8. Ngf3 e6 9. Bb5 Be7 10. Ne5 O-O 11. Bxc6 bxc6 12. Nxc6 Rxb3 13. Nxd8 Rxb2 14. Nc6 Ba3 15. O-O Rc8 16. Ne5 Rxc3 17. Ndf3 Rb6 18. Bxf6 gxf6 19. Nd7 Rb2 20. Nxf6+ Kg7 21. Nh5+ Kf8 22. Ng3 Bg6 23. h4 Rcc2 24. Ne5 Rd2 25. Nf3 Rdc2 26. Ne5 Rd2 27. h5 Bd3 28. Nxd3 Rxd3 29. Rfd1 Rxd1+ 30. Rxd1 Rxa2 31. Rd3 Bb4 32. Rb3 a5 33. f4 Rd2 34. f5 Rxd4 35. fxe6 fxe6 36. Kf2 a4 37. Rf3+ Ke7 38. Ne2 Rc4 39. Rg3 a3 40. Rg7+ Kd6 41. Ra7 Bc5+ 42. Kf3 Bxa7 43. Nf4 Rxf4+ 44. Kxf4 a2 0-1


[Site "https://www.chess.com"]

[Event "Titled Tuesday Blitz April 11 Early 2023"]
[White "Ratnakaran, K."]
[Black "Matveeva, Olga"]
[WhiteFideId "5005507"]
[BlackFideId "24107018"]
[WhiteElo "2345"]
[BlackElo "2056"]
[Result "1-0"]
[Round "07"]
[TimeControl "180+2"]
[Date "2023.04.11"]
[WhiteClock "0:01:40"]
[BlackClock "0:00:06"]

1. e4 e6 2. d4 d5 3. Nd2 c5 4. Ngf3 cxd4 5. Nxd4 Nc6 6. Nxc6 bxc6 7. Bd3 Bd6 8. O-O e5 9. c4 d4 10. Rb1 Ne7 11. b4 O-O 12. c5 Bc7 13. Nc4 f5 14. f4 fxe4 15. Bxe4 exf4 16. Rb3 Bf5 17. Bxf5 Nxf5 18. Rh3 Ne3 19. Qd3 g6 20. Rff3 Qd5 21. Nd6 Bxd6 22. cxd6 Qxd6 23. Rf2 Qxb4 24. Bd2 Qa4 25. Re2 Rad8 26. Rf3 c5 27. h4 c4 28. Qe4 Qd1+ 29. Kh2 Qxe2 30. Qe6+ Rf7 31. Bxe3 dxe3 32. h5 Kg7 33. Qe5+ Kg8 34. hxg6 hxg6 35. Rh3 Rh7 36. Qe6+ Kh8 37. Qf6+ Kg8 38. Qxd8+ Kg7 39. Qe7+ 1-0


[Site "https://www.chess.com"]

[Event "Titled Tuesday Blitz April 11 Early 2023"]
[White "Melian, Juan Sebastian"]
[Black "Fuzesabonyilaci"]
[WhiteFideId "3706575"]
[WhiteElo "2035"]
[BlackElo "2336"]
[Result "1-0"]
[Round "07"]
[TimeControl "180+2"]
[Date "2023.04.11"]
[WhiteClock "0:00:06"]
[BlackClock "0:00:03"]

1. d4 d5 2. Nf3 Nf6 3. c4 dxc4 4. e3 e6 5. Bxc4 a6 6. O-O c5 7. Nc3 b5 8. Bd3 Bb7 9. Qe2 Nbd7 10. e4 cxd4 11. Nxd4 Qb6 12. Be3 Bc5 13. Nc2 Bxe3 14. Nxe3 b4 15. Na4 Qc6 16. b3 Nxe4 17. Rac1 Nc3 18. Qg4 Qd6 19. Nxc3 Qxd3 20. Qxg7 Ke7 21. Rfd1 Qg6 22. Qd4 Bc6 23. Qxb4+ Kf6 24. Ne2 Bb5 25. Ng3 Kg7 26. a4 Nf6 27. axb5 axb5 28. Qxb5 h5 29. Qe5 h4 30. Ngf1 Rh5 31. Qb2 Rb8 32. Rd4 h3 33. Rg4 Rg5 34. Rxg5 Qxg5 35. g3 Qh5 36. Qd4 Qf3 37. Qf4 Qb7 38. b4 Rd8 39. b5 Rd3 40. Qg5+ Kf8 41. Qxf6 Rb3 42. Qd8+ Kg7 43. Qg5+ Kf8 44. Rd1 Ke8 45. Rd8# 1-0


[Site "https://www.chess.com"]

[Event "Titled Tuesday Blitz April 11 Early 2023"]
[White "Krsnik Cohar, Ivan Vihor"]
[Black "Novikova, Galina"]
[WhiteFideId "14520044"]
[BlackFideId "4157095"]
[WhiteElo "2414"]
[BlackElo "1953"]
[Result "1-0"]
[Round "07"]
[TimeControl "180+2"]
[Date "2023.04.11"]
[WhiteClock "0:00:29"]
[BlackClock "0:00:03"]

1. d4 e6 2. Nf3 f5 3. c3 Nf6 4. Bg5 Be7 5. Nbd2 O-O 6. Bxf6 Bxf6 7. e4 d6 8. Bc4 Kh8 9. O-O Nc6 10. exf5 exf5 11. Re1 Ne7 12. Qb3 Ng6 13. Be6 Nf4 14. Bxc8 Rxc8 15. g3 Ng6 16. Qxb7 Rb8 17. Qxa7 Rxb2 18. Nc4 Rc2 19. Rac1 Rxc1 20. Rxc1 f4 21. Qb7 fxg3 22. hxg3 Bg5 23. Re1 d5 24. Nce5 Nxe5 25. Nxe5 Bd2 26. Rd1 Bxc3 27. Rd3 Ba5 28. a4 Bb6 29. Kg2 Qa8 30. Rf3 Rb8 31. Qxa8 Rxa8 32. a5 Bxd4 33. Nc6 Bc5 34. Rf5 h6 35. Rxd5 Bd6 36. Rb5 Kh7 37. f4 Ra6 38. Nd4 c5 39. Nf5 Bc7 40. Rxc5 Bxa5 41. Nh4 Bd2 42. f5 Bg5 43. Ng6 Rf6 44. g4 1-0


[Site "https://www.chess.com"]

[Event "Titled Tuesday Blitz April 11 Early 2023"]
[White "Rodriguez Santiago, Jaime"]
[Black "Lehtosaari, Mauri"]
[WhiteFideId "3100898"]
[BlackFideId "501999"]
[WhiteElo "2025"]
[BlackElo "2511"]
[Result "0-1"]
[Round "07"]
[TimeControl "180+2"]
[Date "2023.04.11"]
[WhiteClock "0:00:31"]
[BlackClock "0:00:20"]

1. c4 c6 2. d4 d5 3. cxd5 cxd5 4. Bf4 Nf6 5. e3 Nc6 6. Nc3 a6 7. Be2 Bf5 8. g4 Bg6 9. h4 h6 10. h5 Bh7 11. Bf3 e6 12. Nge2 Qb6 13. b3 Bb4 14. Kf1 Qa5 15. Rc1 Ba3 16. Kg2 Bxc1 17. Qxc1 Rc8 18. Qb2 Nb4 19. a3 Nd3 20. Qa1 Nxf4+ 21. exf4 Be4 22. b4 Bxf3+ 23. Kxf3 Qb6 24. Qe1 Rc4 25. Na4 Qc6 26. Nc5 Ne4 27. Ng3 Rxd4 28. Ngxe4 dxe4+ 29. Kg3 O-O 30. g5 e5 31. f5 hxg5 32. h6 gxh6 33. Qe2 Qf6 34. Qh5 b6 35. Nxa6 Qxf5 36. Qxh6 Qf4+ 37. Kg2 Qf3+ 38. Kh2 Qxf2+ 39. Kh3 Rd3+ 0-1


[Site "https://www.chess.com"]

[Event "Titled Tuesday Blitz April 11 Early 2023"]
[White "Forgacs, Attila Jr."]
[Black "Smith, Garrett L"]
[WhiteFideId "773654"]
[BlackFideId "2024829"]
[WhiteElo "2168"]
[BlackElo "2325"]
[Result "1-0"]
[Round "07"]
[TimeControl "180+2"]
[Date "2023.04.11"]
[WhiteClock "0:00:39"]
[BlackClock "0:00:15"]

1. e4 c5 2. Nf3 Nc6 3. d4 cxd4 4. Nxd4 e5 5. Nb5 d6 6. N1c3 a6 7. Na3 Be7 8. Nd5 Nf6 9. g3 Nxe4 10. Be3 O-O 11. Bg2 Nf6 12. Bb6 Qd7 13. O-O Bd8 14. Nc4 Nxd5 15. Qxd5 Qe6 16. Rad1 Qxd5 17. Bxd5 Bh3 18. Rfe1 Bxb6 19. Nxb6 Rad8 20. Nc4 Nd4 21. c3 b5 22. cxd4 bxc4 23. Bxc4 exd4 24. Rxd4 Rfe8 25. Red1 h6 26. Bxa6 d5 27. Bb5 Re6 28. a4 Bg4 29. Rc1 Bf3 30. b4 Rdd6 31. a5 Re5 32. Bd3 Rde6 33. Rc8+ Re8 34. Rxe8+ Rxe8 35. Kf1 1-0


[Site "https://www.chess.com"]

[Event "Titled Tuesday Blitz April 11 Early 2023"]
[White "Ward, Ieuan C"]
[Black "Mordechai, Hanan"]
[WhiteFideId "406627"]
[BlackFideId "2804166"]
[WhiteElo "2319"]
[BlackElo "2324"]
[Result "1-0"]
[Round "07"]
[TimeControl "180+2"]
[Date "2023.04.11"]
[WhiteClock "0:00:59"]
[BlackClock "0:00:52"]

1. e4 c5 2. Nf3 e6 3. d4 cxd4 4. c3 d5 5. exd5 exd5 6. cxd4 Nf6 7. Bd3 Be7 8. O-O O-O 9. h3 Nc6 10. Nc3 h6 11. Bf4 Be6 12. Qd2 Re8 13. Rfe1 Bf8 14. Rac1 Qb6 15. Na4 Qb4 16. Nc5 Qxd2 17. Bxd2 Bxc5 18. dxc5 d4 19. a4 Bd5 20. b4 Bxf3 21. gxf3 Nd5 22. b5 Ne5 23. Be4 Rad8 24. Kg2 g6 25. Bxd5 Rxd5 26. f4 f6 27. fxe5 fxe5 28. Bxh6 e4 29. c6 bxc6 30. bxc6 Rde5 31. c7 Rc8 32. Bf4 Re7 33. Rcd1 d3 34. Rxd3 g5 35. Bg3 exd3 36. Rxe7 1-0


[Site "https://www.chess.com"]

[Event "Titled Tuesday Blitz April 11 Early 2023"]
[White "Dishman, Stephen"]
[Black "Womacka, Mathias"]
[WhiteFideId "403024"]
[BlackFideId "4611390"]
[WhiteElo "2204"]
[BlackElo "2377"]
[Result "1-0"]
[Round "07"]
[TimeControl "180+2"]
[Date "2023.04.11"]
[WhiteClock "0:00:19"]
[BlackClock "0:00:25"]

1. d4 Nf6 2. Bg5 Ne4 3. Bf4 c5 4. f3 Qa5+ 5. c3 Nf6 6. d5 Qb6 7. Bc1 e6 8. e4 exd5 9. exd5 Bd6 10. Na3 O-O 11. Nc4 Qc7 12. a4 Re8+ 13. Kf2 h6 14. Ne2 b6 15. Ng3 Ba6 16. Nf5 Bxc4 17. Bxc4 Re5 18. Nxd6 Qxd6 19. Bf4 Re2+ 20. Qxe2 Qxf4 21. g3 Qf5 22. Rhe1 Qh5 23. Kg2 d6 24. Qe7 Nbd7 25. Qxd6 Nf8 26. Rad1 Ng6 27. f4 Qg4 28. Be2 Qf5 29. Bd3 Qg4 30. Bxg6 Qxg6 31. Re2 h5 32. Rde1 h4 33. Qe5 hxg3 34. hxg3 Qg4 35. Qg5 Qd7 36. Re7 Qd6 37. Qe5 Rd8 38. Qxd6 Rxd6 39. R1e5 Nxd5 40. Rxa7 f6 41. Re8+ Kh7 42. Rb8 Kg6 43. Rbb7 Kf5 44. Rxg7 Ke4 45. Rgd7 f5 46. Rxd6 1-0


[Site "https://www.chess.com"]

[Event "Titled Tuesday Blitz April 11 Early 2023"]
[White "Rodchenkov, Sergey D."]
[Black "a-z30"]
[WhiteFideId "4168712"]
[WhiteElo "2277"]
[BlackElo "2314"]
[Result "0-1"]
[Round "07"]
[TimeControl "180+2"]
[Date "2023.04.11"]
[WhiteClock "0:00:01"]
[BlackClock "0:00:12"]

1. e4 d6 2. d4 Nf6 3. Nc3 g6 4. Be3 Bg7 5. Qd2 O-O 6. O-O-O Nc6 7. f3 e5 8. d5 Ne7 9. h4 Nh5 10. Nge2 f5 11. exf5 gxf5 12. Bh6 f4 13. Bxg7 Kxg7 14. Ne4 Nf5 15. g4 fxg3 16. Bh3 Kh8 17. Bg4 Nf4 18. N2xg3 Nxg3 19. Nxg3 Bxg4 20. fxg4 Qf6 21. g5 Qg6 22. Rdg1 Rf7 23. Nf1 Qe4 24. Ne3 Raf8 25. Rf1 Ng6 26. Rfg1 Rf2 27. Qe1 R8f3 28. h5 Nf4 29. Rf1 Rxe3 30. Qxf2 Re2 31. Qxe2 Qxe2 32. g6 Kg7 33. gxh7 Kxh7 34. Rfg1 Qf3 35. h6 Ne2+ 36. Kb1 Nxg1 37. Rxg1 Qxd5 38. Rg7+ Kxh6 39. Rg1 Qd4 40. Rh1+ Kg6 41. a3 Kf6 42. Rh7 Qb6 43. Rh6+ Kf5 44. Rh7 Ke4 45. c3 Kd5 46. Kc2 Kc6 47. c4 a5 48. b3 Qd4 49. Kc1 a4 50. b4 Qxc4+ 51. Kb2 Qb3+ 52. Kc1 Qxa3+ 53. Kd1 Qxb4 0-1


[Site "https://www.chess.com"]

[Event "Titled Tuesday Blitz April 11 Early 2023"]
[White "Rios Escobar, Adan"]
[Black "Biriukov, Ilja"]
[WhiteFideId "3403645"]
[BlackFideId "4113373"]
[WhiteElo "2450"]
[BlackElo "2426"]
[Result "1/2-1/2"]
[Round "07"]
[TimeControl "180+2"]
[Date "2023.04.11"]
[WhiteClock "0:00:26"]
[BlackClock "0:01:07"]

1. d4 d5 2. g3 c5 3. Nf3 Nc6 4. Bg2 Nf6 5. O-O Bg4 6. Ne5 Be6 7. Nxc6 bxc6 8. c4 cxd4 9. Qxd4 Qb6 10. Be3 Qxd4 11. Bxd4 g6 12. Nc3 Rd8 13. Rfd1 Bg7 14. cxd5 cxd5 15. Bxf6 Bxf6 16. Nxd5 Bxd5 17. Bxd5 O-O 18. Rac1 Bxb2 19. Rc7 e6 20. Bb3 Rxd1+ 21. Bxd1 Bd4 22. e3 Bb6 23. Rd7 Rd8 24. Ba4 Rxd7 25. Bxd7 Kf8 26. e4 Ke7 27. Bb5 f6 28. Kg2 h6 29. h4 Kd6 30. f4 Bd8 31. Kf3 g5 32. f5 exf5 33. exf5 Ke5 34. Bd7 Bb6 35. Kg4 Bf2 36. a4 Be1 37. Be8 Bf2 38. Bg6 Be1 39. Bf7 Bf2 40. a5 Be1 41. a6 Bf2 42. Bc4 Be1 43. Bd3 Bf2 44. Bb5 Be1 45. Bd7 Bf2 46. Bc8 Be1 47. Kf3 gxh4 48. gxh4 Bxh4 49. Kg4 Bg5 50. Kh5 Kd6 51. Kg6 Kc7 52. Bb7 Kb6 53. Bc8 Kc5 54. Kh5 Kd6 55. Bb7 Ke5 56. Bc8 Kf4 57. Bd7 Ke5 58. Bc8 1/2-1/2


[Site "https://www.chess.com"]

[Event "Titled Tuesday Blitz April 11 Early 2023"]
[White "Prudnykova, Olga"]
[Black "Omariev, Maksim"]
[WhiteFideId "14121093"]
[BlackFideId "4193423"]
[WhiteElo "2113"]
[BlackElo "2446"]
[Result "0-1"]
[Round "07"]
[TimeControl "180+2"]
[Date "2023.04.11"]
[WhiteClock "0:00:29"]
[BlackClock "0:00:04"]

1. e4 h5 2. d4 h4 3. h3 d5 4. exd5 Qxd5 5. Nc3 Qa5 6. Bc4 Nf6 7. Nf3 Bf5 8. Bd2 c6 9. Bb3 e6 10. Ne5 Nbd7 11. Qe2 Nxe5 12. dxe5 Nd7 13. f4 Nc5 14. Ne4 Qb6 15. Nxc5 Bxc5 16. O-O-O a5 17. a4 O-O-O 18. Rhe1 Rd7 19. Be3 Rxd1+ 20. Kxd1 Rd8+ 21. Kc1 Bxe3+ 22. Qxe3 Qxe3+ 23. Rxe3 Rd4 24. Rf3 Be4 25. Rf2 Kc7 26. c3 Rd8 27. Bc2 Bxc2 28. Kxc2 g6 29. Rd2 Rh8 30. Rf2 Kb6 31. b3 Rh5 32. Kd3 Kc5 33. Rf3 Rf5 34. Ke4 b5 35. Rd3 bxa4 36. bxa4 g5 37. fxg5 Rxg5 38. Rd7 Rg7 39. Ra7 Kb6 40. Rd7 Kc5 41. Ra7 f5+ 42. exf6 Rxa7 43. Ke5 Kc4 44. Kxe6 c5 45. f7 Rxf7 46. Kxf7 Kxc3 47. Kf6 Kb4 48. g4 hxg3 49. h4 g2 50. h5 g1=Q 51. h6 Qh2 52. h7 Qxh7 0-1


[Site "https://www.chess.com"]

[Event "Titled Tuesday Blitz April 11 Early 2023"]
[White "MunichMouse"]
[Black "mohsengabr2002"]
[WhiteElo "2305"]
[BlackElo "2431"]
[Result "1-0"]
[Round "07"]
[TimeControl "180+2"]
[Date "2023.04.11"]
[WhiteClock "0:01:19"]
[BlackClock "0:01:04"]

1. d4 d5 2. c4 e6 3. Nf3 c6 4. g3 f5 5. Ne5 Nf6 6. Bg2 Bd6 7. f4 O-O 8. O-O Nbd7 9. b3 Ne4 10. e3 Qf6 11. Nd2 Qh6 12. Nxe4 fxe4 13. Nxd7 Bxd7 14. c5 Bc7 15. Qe2 Be8 16. b4 a6 17. a4 Bh5 18. Qb2 g5 19. Bd2 gxf4 20. exf4 Be2 21. Rfe1 Bc4 22. Bf1 Bxf1 23. Rxf1 Qg7 24. Be3 b6 25. Kh1 bxc5 26. bxc5 Rab8 27. Qc2 Rb4 28. Rab1 a5 29. Rxb4 axb4 30. Rb1 Rb8 31. a5 Bxa5 32. Qa4 Rb5 33. Ra1 Qb7 34. Qb3 Kf7 35. g4 Bc7 36. f5 exf5 37. Rf1 Ra5 38. Rxf5+ Kg8 39. Bh6 Qa6 40. Rf8# 1-0


[Site "https://www.chess.com"]

[Event "Titled Tuesday Blitz April 11 Early 2023"]
[White "Estrada Nieto, Julian"]
[Black "Akylbek2021"]
[WhiteFideId "5101018"]
[WhiteElo "2161"]
[BlackElo "2303"]
[Result "0-1"]
[Round "07"]
[TimeControl "180+2"]
[Date "2023.04.11"]
[WhiteClock "0:00:08"]
[BlackClock "0:00:06"]

1. e4 c5 2. Nf3 Nc6 3. Bb5 d6 4. d4 cxd4 5. Qxd4 Bd7 6. Bxc6 Bxc6 7. Nc3 e5 8. Qd3 h6 9. Nd2 Be7 10. Nc4 Nf6 11. Ne3 O-O 12. O-O a6 13. Rd1 b5 14. Nf5 b4 15. Nd5 Nxd5 16. exd5 Bd7 17. Be3 Rc8 18. Rd2 Re8 19. Nxe7+ Qxe7 20. Qxa6 f5 21. f3 f4 22. Bf2 e4 23. fxe4 Qxe4 24. Qxd6 Bb5 25. h3 f3 26. Re1 Qf5 27. Rxe8+ Bxe8 28. Qxb4 fxg2 29. Kxg2 Bh5 30. Qb3 Qe4+ 31. Kg1 Rf8 32. d6+ Bf7 33. Qe3 Qg6+ 34. Kh2 Be6 35. Qg3 Qe4 36. Bd4 Rf7 37. Qe3 Qf5 38. Rf2 Qg6 39. Rxf7 Qxf7 40. Qe5 Bd5 41. c4 Bxc4 42. b3 Bd5 43. b4 Bxa2 44. b5 Bd5 45. b6 Bb7 46. h4 Qa2+ 47. Kh3 Qg2# 0-1


[Site "https://www.chess.com"]

[Event "Titled Tuesday Blitz April 11 Early 2023"]
[White "Liu, Casper"]
[Black "Orujov2008"]
[WhiteFideId "1454153"]
[WhiteElo "2221"]
[BlackElo "2303"]
[Result "0-1"]
[Round "07"]
[TimeControl "180+2"]
[Date "2023.04.11"]
[WhiteClock "0:00:01"]
[BlackClock "0:00:03"]

1. e4 e5 2. Nf3 Nf6 3. Nxe5 Nxe4 4. Qe2 Qe7 5. Qxe4 d6 6. d4 dxe5 7. dxe5 Nc6 8. Bf4 f5 9. Qe3 Qb4+ 10. Nc3 Bc5 11. Qg3 Be6 12. O-O-O O-O 13. a3 Qa5 14. Bh6 Rf7 15. Be2 Bxa3 16. Bh5 Re7 17. Bg5 Bb4 18. Bxe7 Bxe7 19. Kb1 Rb8 20. Bf3 Nb4 21. Rd4 c5 22. Rd2 b5 23. Rhd1 Ba2+ 24. Kc1 Bc4 25. Rd7 Qa1+ 26. Kd2 Qxb2 27. Rxe7 Qxc2+ 28. Ke1 Qxc3+ 29. Rd2 Nd3+ 30. Kd1 Qa1+ 31. Ke2 Nxe5+ 32. Ke3 Nc6 33. Bxc6 Qc3+ 34. Kf4 Qxd2+ 35. Qe3 Qxe3+ 36. fxe3 Rf8 37. Ke5 Rf7 38. Re8+ Rf8 39. Re7 b4 40. Kd6 b3 41. Kxc5 Rb8 42. Kxc4 b2 43. Bd5+ Kh8 44. Bb7 b1=Q 0-1


[Site "https://www.chess.com"]

[Event "Titled Tuesday Blitz April 11 Early 2023"]
[White "Bas Mas, Jose Joaquin"]
[Black "Alahakoon, Isuru"]
[WhiteFideId "22219064"]
[BlackFideId "9900993"]
[WhiteElo "2233"]
[BlackElo "1995"]
[Result "1-0"]
[Round "07"]
[TimeControl "180+2"]
[Date "2023.04.11"]
[WhiteClock "0:02:00"]
[BlackClock "0:01:15"]

1. e4 c6 2. d4 d5 3. f3 dxe4 4. fxe4 e5 5. Nf3 exd4 6. Bc4 Bb4+ 7. c3 dxc3 8. Qxd8+ Kxd8 9. bxc3 Be7 10. Bxf7 Nf6 11. O-O Rf8 12. Rd1+ Bd7 13. Be6 Kc8 14. Bxd7+ Nbxd7 15. Nbd2 Bc5+ 16. Kf1 Ng4 17. Ke2 Kc7 18. Nb3 Bd6 19. h3 Nge5 20. Nbd4 Nxf3 21. gxf3 Ne5 22. Ne6+ Kd7 23. Nxf8+ Rxf8 24. f4 Ng6 25. e5 1-0


[Site "https://www.chess.com"]

[Event "Titled Tuesday Blitz April 11 Early 2023"]
[White "Makhmudov, Shukhrat"]
[Black "Mazarini41"]
[WhiteFideId "14200775"]
[WhiteElo "2135"]
[BlackElo "2421"]
[Result "1/2-1/2"]
[Round "07"]
[TimeControl "180+2"]
[Date "2023.04.11"]
[WhiteClock "0:00:24"]
[BlackClock "0:00:05"]

1. e4 e6 2. d4 d5 3. Nd2 c5 4. exd5 exd5 5. Bb5+ Nc6 6. Qe2+ Qe7 7. dxc5 Qxe2+ 8. Nxe2 Bxc5 9. Nb3 Bb6 10. c3 Ne7 11. Bg5 f6 12. Bf4 Kf7 13. f3 a6 14. Bd3 Ne5 15. Bc2 Nc4 16. O-O-O g5 17. Bg3 Ne3 18. Bf2 Ba7 19. Bxe3 Bxe3+ 20. Kb1 h5 21. Nbd4 h4 22. Bb3 h3 23. g3 Bd7 24. Rd3 Bxd4 25. Nxd4 Bc6 26. Re1 Rhe8 27. Rde3 Ng6 28. Nf5 Rxe3 29. Rxe3 Ne5 30. f4 Ng4 31. Re7+ Kf8 32. Rh7 Kg8 33. Rxh3 Re8 34. fxg5 fxg5 35. Rh5 Re1+ 36. Kc2 Kf7 37. Rxg5 Nxh2 38. Nd4 Rg1 39. Bxd5+ Bxd5 40. Rxd5 Ke7 41. Rg5 Nf1 42. Re5+ Kd6 43. Re6+ Kd7 44. Rb6 Kc7 45. Rg6 Rxg3 46. Rxg3 Nxg3 47. Kd3 Nh5 48. Ke4 Nf6+ 49. Kf5 Nd5 50. Ke4 Nf6+ 51. Ke5 Ng4+ 52. Kd5 Ne3+ 53. Kc5 b6+ 54. Kb4 Kd6 55. Kb3 Kc5 56. Nc2 Nd5 57. Nb4 Nc7 58. Nd3+ Kc6 59. Kc4 b5+ 60. Kb4 Kb6 61. Nf4 a5+ 62. Kb3 Kc5 63. a4 Ne8 64. Nd3+ Kb6 65. axb5 Kxb5 66. c4+ Kc6 67. Ka4 Nd6 68. b3 Nb7 69. Ne5+ Kb6 70. Nd7+ Kc6 71. Nb8+ Kb6 72. Nd7+ Kc6 73. Ne5+ Kb6 74. Nd3 Kc6 75. Nf4 Nc5+ 76. Ka3 Ne4 77. Nd5 Nc5 78. Nc3 Nd3 79. Ne4 Kb6 80. Ka4 Nb2+ 81. Ka3 Nd3 82. Ka2 Kc6 83. Kb1 Ne5 84. Kc2 Nd7 85. Kc3 Ne5 86. Kd4 Nf3+ 87. Ke3 Ne5 88. Kd4 Nf3+ 89. Kc3 Ne5 90. Nf2 Nd7 91. Nd3 Nf6 92. Kd4 Ng4 93. Ne5+ Nxe5 94. Kxe5 Kc5 95. Ke4 a4 96. bxa4 Kxc4 97. a5 Kb5 98. a6 Kxa6 1/2-1/2


[Site "https://www.chess.com"]

[Event "Titled Tuesday Blitz April 11 Early 2023"]
[White "Skaric, Djuro"]
[Black "Avazkhonov, Alikhon"]
[WhiteFideId "934569"]
[BlackFideId "14208504"]
[WhiteElo "2282"]
[BlackElo "1739"]
[Result "0-1"]
[Round "07"]
[TimeControl "180+2"]
[Date "2023.04.11"]
[WhiteClock "0:00:08"]
[BlackClock "0:00:04"]

1. g3 e5 2. Bg2 d5 3. d3 Nf6 4. Nf3 Bd6 5. O-O O-O 6. h3 c6 7. Nc3 Bf5 8. Nd2 Nbd7 9. e4 Bg6 10. f4 exf4 11. gxf4 dxe4 12. dxe4 Bc5+ 13. Kh1 Nh5 14. Qe1 f5 15. e5 Be7 16. Nb3 Bh4 17. Qe3 Ng3+ 18. Kg1 Nxf1 19. Bxf1 Re8 20. Kg2 Nf8 21. Qf3 Ne6 22. Be3 Qe7 23. a4 Qf7 24. Bc4 Bh5 25. Qf1 Qg6+ 26. Kh1 Qg3 27. Be2 Bxe2 28. Qxe2 Qxh3+ 29. Kg1 Qg3+ 30. Kh1 Nxf4 31. Qc4+ Kh8 32. Bxf4 Qf3+ 33. Kg1 Bf2+ 34. Kh2 Re6 35. Ne2 Rg6 36. Rg1 Bxg1+ 37. Nxg1 Qg2# 0-1


[Site "https://www.chess.com"]

[Event "Titled Tuesday Blitz April 11 Early 2023"]
[White "Sargissyan, Sargis"]
[Black "Chabris, Christopher"]
[WhiteFideId "13303210"]
[BlackFideId "2005263"]
[WhiteElo "2109"]
[BlackElo "2279"]
[Result "1-0"]
[Round "07"]
[TimeControl "180+2"]
[Date "2023.04.11"]
[WhiteClock "0:00:12"]
[BlackClock "0:00:10"]

1. e4 c5 2. Nf3 Nc6 3. d4 cxd4 4. Nxd4 e5 5. Nb5 d6 6. N1c3 a6 7. Na3 Be7 8. Nd5 b5 9. c3 Nf6 10. Nxf6+ Bxf6 11. Nc2 O-O 12. a4 bxa4 13. Rxa4 Bg5 14. Bc4 Bxc1 15. Qxc1 Be6 16. O-O a5 17. Ne3 Qh4 18. Rd1 Rad8 19. Nf5 Bxf5 20. exf5 d5 21. Bb5 Qf6 22. Bxc6 Qxc6 23. Rxa5 Rd6 24. Qe3 f6 25. Rc5 Qd7 26. g4 g6 27. Qf3 Rd8 28. h4 d4 29. cxd4 exd4 30. fxg6 hxg6 31. h5 Qf7 32. hxg6 Qxg6 33. Rc7 d3 34. Rd2 Re8 35. Kg2 Rd4 36. Kg3 Ree4 37. Rc8+ Kg7 38. Rc7+ Kg8 39. Kh2 Rxg4 40. Qa8+ 1-0


[Site "https://www.chess.com"]

[Event "Titled Tuesday Blitz April 11 Early 2023"]
[White "Reefat, Bin-Sattar"]
[Black "Barwinska, Ewa"]
[WhiteFideId "10200207"]
[BlackFideId "21833761"]
[WhiteElo "2462"]
[BlackElo "1908"]
[Result "1-0"]
[Round "07"]
[TimeControl "180+2"]
[Date "2023.04.11"]
[WhiteClock "0:00:34"]
[BlackClock "0:00:13"]

1. e4 c5 2. b3 Nc6 3. Bb2 e6 4. Nf3 d5 5. exd5 exd5 6. Bb5 Nf6 7. O-O Be7 8. Ne5 Bd7 9. Bxc6 Bxc6 10. f4 O-O 11. Qe1 d4 12. Nxc6 bxc6 13. Na3 Re8 14. Nc4 Nd5 15. Qg3 Bf6 16. Qf3 Qc7 17. g3 Nb4 18. a3 Nd5 19. Rae1 a5 20. a4 Nb4 21. Rxe8+ Rxe8 22. Ba3 Nxc2 23. Bxc5 Ne1 24. Qg4 Nd3 25. Bd6 Qd8 26. Qf5 Nb4 27. Be5 Nd5 28. Bxf6 Nxf6 29. Qxa5 Qd7 30. f5 Nd5 31. Qc5 h6 32. Qxd4 Rb8 33. Rf3 Qc7 34. a5 Rd8 35. Qc5 Rb8 36. a6 Rb5 37. Qd4 Nb6 38. f6 Nxc4 39. bxc4 Qb6 40. Qxb6 Rxb6 41. Ra3 Rb8 42. fxg7 Kxg7 43. Kf2 Ra8 44. d4 Kf6 45. Ke3 Ke6 46. Ke4 Kd6 47. Kf5 c5 48. d5 Ra7 49. Kf6 Ra8 50. g4 Ra7 51. h4 Kc7 52. Kxf7 Kb6+ 53. Kg6 Re7 54. a7 Rxa7 55. Rxa7 Kxa7 56. d6 Ka6 57. Kf6 Ka5 58. d7 Kb4 59. d8=Q Kxc4 60. Qh8 Kb3 61. Qxh6 c4 62. Qe3+ c3 63. h5 Kb2 64. Qd4 Kc2 65. h6 Kb1 66. Qxc3 Ka2 67. Qb4 Ka1 68. h7 Ka2 69. h8=Q Ka1 70. Qa8# 1-0


[Site "https://www.chess.com"]

[Event "Titled Tuesday Blitz April 11 Early 2023"]
[White "Toktomushev, Teimur"]
[Black "Schuh, Karsten"]
[WhiteFideId "14176726"]
[BlackFideId "4637950"]
[WhiteElo "2116"]
[BlackElo "2138"]
[Result "1-0"]
[Round "07"]
[TimeControl "180+2"]
[Date "2023.04.11"]
[WhiteClock "0:01:22"]
[BlackClock "0:00:54"]

1. d4 f5 2. g3 Nf6 3. Bg2 g6 4. Nf3 Bg7 5. O-O d6 6. c4 O-O 7. Nc3 c6 8. Re1 Ne4 9. Qc2 Nxc3 10. bxc3 e5 11. Ba3 Re8 12. Rad1 e4 13. Nd2 Qe7 14. e3 Be6 15. f3 exf3 16. Bxf3 Qc7 17. e4 fxe4 18. Nxe4 c5 19. Ng5 Bf7 20. Nxf7 Rxe1+ 21. Rxe1 Kxf7 22. Bd5+ 1-0


[Site "https://www.chess.com"]